 Dungeon Crawl Stone Soup version 0.24.0-13-gcf9b319 (webtiles) character file.

Game seed: 4035379578825458108, levelgen mode: deterministic

80 Fortress the Conjurer (level 4, -3/33 HPs)
             Began as a Draconian Conjurer on Jan 10, 2020.
             Slain by a gnoll
             ... wielding a +0 halberd
              (8 damage)
             ... on level 2 of the Dungeon on Jan 11, 2020.
             The game lasted 00:07:26 (1512 turns).

Fortress the Conjurer (Draconian Conjurer)          Turns: 1512, Time: 00:07:26

Health: -3/33      AC:  7    Str: 13    XL:     4   Next: 18%
Magic:  0/7        EV: 12    Int: 17    God:
Gold:   73         SH:  0    Dex: 11    Spells: 6/7 levels left

rFire    . . .     SeeInvis +   h - +0 whip (curse)
rCold    . . .     Gourm    .   (no shield)
rNeg     . . .     Faith    .   (armour unavailable)
rPois    .         Spirit   .   n - +1 hat
rElec    .         Reflect  .   (no cloak)
rCorr    .         Harm     .   g - +0 pair of gloves {Str+3}
MR       .....                  (no boots)
Stlth    ++........             (no amulet)
HPRegen  0.11/turn              c - ring of see invisible
MPRegen  0.10/turn              (no ring)

@: no status effects
A: unfitting armour, cold-blooded, AC +5
a: no special abilities


You were on level 2 of the Dungeon.
You were hungry.

You visited 1 branch of the dungeon, and saw 2 of its levels.

You collected 73 gold pieces.

Inventory:

Hand Weapons
 d - a +0 dagger of venom
 f - a +0 spear
 h - a cursed +0 whip (weapon)
 o - a -1 hand axe
Armour
 g - a +0 pair of gloves of strength (worn)
 n - a +1 hat (worn)
Jewellery
 c - a ring of see invisible (left hand)
Scrolls
 e - a scroll of identify
 j - a scroll of enchant armour {unknown}
 k - 3 scrolls of teleportation
Potions
 a - a potion of flight
 i - a potion of curing {unknown}
Comestibles
 b - 4 rations


   Skills:
 - Level 0.1 Maces & Flails
 - Level 2.0 Dodging
 - Level 2.1 Stealth
 + Level 2.4 Spellcasting
 + Level 5.2 Conjurations


You had 6 spell levels left.
You knew the following spells:

 Your Spells              Type           Power        Failure   Level  Hunger
a - Magic Dart            Conj           ###.         2%          1    #......

Your spell library contained the following spells:

 Spells                   Type           Power        Failure   Level  Hunger
 Searing Ray              Conj           ###...       3%          2    ##.....
 Dazzling Spray           Conj/Hex       ##....       19%         3    ###....
 Iskenderun's Mystic Bla  Conj           ###.....     22%         4    #####..
 Force Lance              Conj/Tloc      ##......     54%         4    #####..
 Fulminant Prism          Conj/Hex       ##........   54%         4    #####..


Dungeon Overview and Level Annotations

Branches:
Dungeon (2/15)

Altars:


Innate Abilities, Weirdness & Mutations

Your plain brown scales are hard. (AC +5)
You cannot fit into any form of body armour.
You are cold-blooded and may be slowed by cold attacks.


Message History

a +0 spear x2; a gnoll corpse You hit the gnoll.
Your tail-slap misses the gnoll.
The gnoll is moderately wounded.
The gnoll closely misses you.
You hit the gnoll.
The gnoll is heavily wounded.
The gnoll hits you but does no damage.
You hit the gnoll.
The gnoll is severely wounded.
You closely miss the gnoll.
The gnoll is severely wounded.
The gnoll closely misses you.
You hit the gnoll. You tail-slap the gnoll.
The gnoll is almost dead.
The gnoll hits you with a +0 halberd!
* * * LOW HITPOINT WARNING * * *
You hit the gnoll but do no damage.
The gnoll is almost dead.
The gnoll hits you with a +0 halberd!
You die...

### ###.# ***** #...# ,,,,* ###.#
,*****################.###
,,,,,,......)..........#.#
,,,,,,..........g..#####.#
,>,,,,.g...#####@#.# ###.#
,*,,,,.#..,* #.#.###...########
,*,,,*,#.,,** #.#.##............
,*,,,,..,,,,***#.#.##(.#.#.######
,,,,,*#*,,*,**,#.#.##..#.#.#
,*,,,***,,*>**,#.......#.#.#
,,,,,,,*,,*,**,#...#...#.#.#
,*,*,,,,,,,,,#.........#.#.#
,*,*****,,*,,#.#.#.#...#.#.#


You could see a gnoll.

Vanquished Creatures
  3 gnolls (D:2)
  An adder (D:2)
  2 leopard geckos
  2 bats (D:2)
  A giant cockroach (D:1)
  5 goblins
  6 hobgoblins
  7 jackals (D:2)
  A quokka (D:2)
  A ball python (D:1)
  2 frilled lizards (D:2)
  A kobold (D:2)
  6 rats
38 creatures vanquished.

Notes
Turn   | Place    | Note
-------+----------+-------------------------------------------
     0 | D:1      | Fortress the Draconian Conjurer began the quest for the
                  | Orb.
     0 | D:1      | Reached XP level 1. HP: 14/14 MP: 3/3
   360 | D:1      | Reached XP level 2. HP: 20/20 MP: 0/5
   976 | D:2      | Reached XP level 3. HP: 26/26 MP: 1/6
  1340 | D:2      | Reached skill level 5 in Conjurations
  1495 | D:2      | Reached XP level 4. HP: 32/33 MP: 1/7
  1512 | D:2      | Slain by a gnoll

Levels and vault maps discovered:
D:1:      shiori_arrival_maze, layout_basic
D:2:      layout_basic

Skill      XL: |  1  2  3 |
---------------+----------+-----
Stealth        | 2 |  2.1
Conjurations   | 5 |  5.2
Dodging        | 2 |  2.0
Maces & Flails | |  0.1
Spellcasting   | |  2.4

Action                   |  1- 3 |  4- 6 || total
-------------------------+-------+-------++-------
Melee: Unarmed           |     5 |       ||     5
       Dagger            |     1 |       ||     1
       Spear             |     8 |       ||     8
       Tailslap          |     5 |     3 ||     8
       Whip              |    26 |    12 ||    38
 Cast: Magic Dart        |    68 |     2 ||    70
  Use: Scroll            |     9 |       ||     9
  Eat: Chunk             |     2 |       ||     2
Armor: Skin              |    25 |     2 ||    27
Dodge: Dodged            |    56 |    13 ||    69
